 Dungeon Crawl Stone Soup version 0.20-a0-850-ge5a7832 (console) character file.

25 hittembot the Shield-Bearer (level 3, 29/29 HPs)
             Began as a Formicid Fighter on Mar 10, 2017.
             Quit the game on level 1 of the Dungeon.
             The game lasted 00:03:50 (2628 turns).

hittembot the Shield-Bearer (Formicid Fighter)      Turns: 2628, Time: 00:03:51

Health: 29/29      AC:  7    Str: 21    XL:     3   Next: 20%
Magic:  3/3        EV:  8    Int:  7    God:
Gold:   54         SH:  9    Dex: 10    Spells: 2/2 levels left

rFire    . . .     SeeInvis +   a - +0 quarterstaff
rCold    . . .     Gourm    .   b - +0 scale mail
rNeg     . . .     Faith    .   c - +0 shield
rPois    .         Spirit   .   (helmet unavailable)
rElec    .         Reflect  .   (no cloak)
rCorr    .         Harm     .   (no gloves)
MR       .....                  (no boots)
Stlth    ..........             (no amulet)
Regen    0.1/turn               (no ring)
MPRegen  0.1/turn               (no ring)

@: starving
A: permanent stasis, dig shafts and tunnels, four strong arms, antennae 3
a: Dig, Shaft Self


You were on level 1 of the Dungeon.
You were starving.

You visited 1 branch of the dungeon, and saw 1 of its levels.

You collected 54 gold pieces.

Inventory:

Hand Weapons
 a - a +0 quarterstaff (weapon)
Armour
 b - a +0 scale mail (worn)
 c - a +0 shield (worn)
Jewellery
 h - an uncursed amulet of regeneration {unknown}
Scrolls
 g - 2 scrolls of identify {unknown}
Potions
 d - 2 potions of might
 e - 2 potions of curing {unknown}
Comestibles
 f - a bread ration


   Skills:
 + Level 3.6 Fighting
 + Level 2.2 Staves
 + Level 3.7 Armour
 + Level 4.1 Shields


You had 2 spell levels left.
You didn't know any spells.

Dungeon Overview and Level Annotations

Branches:
Dungeon (1/15)

Altars:


Innate Abilities, Weirdness & Mutations

You cannot be hasted, slowed, berserked, paralysed or teleported.
You can dig through walls and to a lower floor.
Your four strong arms can wield two-handed weapons with a shield.
You have a pair of large antennae on your head. (SInv)


Message History

You are too hungry to fight recklessly!
You need to eat something NOW!
You are too hungry to fight recklessly!
You need to eat something NOW!
You are too hungry to fight recklessly!
You need to eat something NOW!
You are too hungry to fight recklessly!
You need to eat something NOW!
You are too hungry to fight recklessly!
You need to eat something NOW!
You are too hungry to fight recklessly!
You need to eat something NOW!
You are too hungry to fight recklessly!
You need to eat something NOW!
You are too hungry to fight recklessly!
You need to eat something NOW!
You're too hungry to rest.
Unknown command.
Unknown command.
Are you sure you want to abandon this character and quit the game? (Confirm with "yes".)

# #..#.#.#.#.#.#...# ##...#. ###
#..###########...# #...#. ..##
#..#.#.#.#.#.#...# ###.#.
...###..#'#'#'#'#'#..#########.##
....##.........................##
....#..########................##
......##########.................
....................#............
.........#####..@#######.###.###.
...#.###...........#####.###..##.
...#.# #####...............##.##.
.....# ##..)..#..###..#..#.##)
.....######.......[.#<#..#..#....
.....#............##...........#.
.................###.....###.#...
.......#####.................##..
...............#...........#.....


There were no monsters in sight!

Vanquished Creatures
  An ooze (D:1)
  4 bats (D:1)
  3 giant cockroaches (D:1)
  2 goblins (D:1)
  A hobgoblin (D:1)
  2 frilled lizards (D:1)
  A kobold (D:1)
  8 rats (D:1)
22 creatures vanquished.

Notes
Turn   | Place    | Note
-------+----------+-------------------------------------------
     0 | D:1      | hittembot the Formicid Fighter began the quest for the Orb.
     0 | D:1      | Reached XP level 1. HP: 18/18 MP: 1/1
    44 | D:1      | Reached XP level 2. HP: 21/24 MP: 2/2
   178 | D:1      | Reached skill level 4 in Shields
   401 | D:1      | Reached XP level 3. HP: 29/29 MP: 3/3
  2628 | D:1      | Quit the game

Vault maps used:
D:1:      saegor_arrival_simple_a, minmay_rat_gold_closets

Skill      XL: |  1  2 |
---------------+-------+-----
Shields        | 4 |  4.1
Fighting       | |  3.6
Staves         | |  2.2
Armour         | |  3.7

Action                   || total
-------------------------++-------
Melee: Quarterstaff      ||    65
  Eat: Chunk             ||     3
Armor: Scale mail        ||    23
Dodge: Dodged            ||    23
Block: Shield            ||    30
